 Dungeon Crawl Stone Soup version 0.19.1 (webtiles) character file.

10526 ImaNewbie the Carver (level 11, -23/89 HPs)
             Began as a Minotaur Gladiator on Dec 13, 2016.
             Was a Follower of Hepliaklqana.
             Killed from afar by a deep troll earth mage (30 damage)
             ... with a blast of rock fragments
             ... on level 10 of the Dungeon.
             The game lasted 00:35:31 (10827 turns).

ImaNewbie the Carver (Minotaur Gladiator)          Turns: 10827, Time: 00:35:32

Health: -23/89     AC: 10    Str: 23    XL:     11   Next: 37%
Magic:  10/10      EV: 14    Int:  5    God:    Hepliaklqana [*.....]
Gold:   860        SH:  0    Dex: 11    Spells: 0 memorised, 10 levels left

rFire  . . .     SeeInvis .     P - +0 scimitar
rCold  . . .     Gourm    .     B - +2 scale mail {rN+}
rNeg   + . .     Faith    .     (no shield)
rPois  .         Spirit   .     c - +0 hat
rElec  .         Reflect  .     (no cloak)
rCorr  .         Harm     .     (no gloves)
MR     .....                    (no boots)
Stlth  ..........               z - amulet of magic regeneration
                                C - ring of flight
                                q - +2 ring of slaying

@: no status effects
A: retaliatory headbutt, reduced essence, horns 2
a: Recall Ancestor, Ancestor Identity, Renounce Religion, Evoke Flight


You were on level 10 of the Dungeon.
You worshipped Hepliaklqana.
Hepliaklqana was aware of your devotion.
You were not hungry.

You visited 2 branches of the dungeon, and saw 11 of its levels.

You collected 860 gold pieces.

Inventory:

Hand Weapons
 N - a +1 hand axe of flaming
 P - a +0 scimitar (weapon)
Missiles
 d - 4 throwing nets (quivered)
 w - 7 needles of paralysis
 K - 12 poisoned needles
Armour
 c - a +0 hat (worn)
 t - a +0 leather armour
 B - a +2 scale mail of positive energy (worn)
 G - a +0 buckler
Rods
 y - a +0 rod of ignition (9/9)
   (You found it on level 3 of the Dungeon)
Jewellery
 q - a +2 ring of slaying (left hand)
 z - an amulet of magic regeneration (around neck)
 C - a ring of flight (right hand)
 M - an uncursed amulet of guardian spirit {unknown}
 S - an uncursed ring of poison resistance {unknown}
Wands
 j - a wand of flame (32/48)
 n - a wand of flame (17/48)
 s - a wand of polymorph (24/24)
 u - a wand of lightning (9/15)
 H - a wand of enslavement (12/24)
 I - a wand of iceblast (7/15)
 J - a wand of lightning (8/15)
Scrolls
 m - 2 scrolls of magic mapping
 r - a scroll of identify
 x - 3 scrolls of remove curse
 A - a scroll of immolation
 E - a scroll of blinking
 U - a scroll of torment
Potions
 e - a potion of magic
 f - 5 potions of curing
 i - a potion of ambrosia
 l - 4 potions of lignification
 p - 3 potions of cancellation
 D - a potion of might
 F - 2 potions of agility {unknown}
 L - a potion of invisibility
 O - a potion of flight
 Q - a potion of mutation {unknown}
 R - a potion of haste {unknown}
Books
 a - a book of Changes

   Spells                             Type                      Level
   a - Beastly Appendage              Transmutation                1
   b - Sticks to Snakes               Transmutation                2
   c - Spider Form                    Transmutation/Poison         3
   d - Ice Form                       Ice/Transmutation            4
   e - Blade Hands                    Transmutation                5
Comestibles
 b - 8 meat rations
 g - 18 fruits
 h - 9 slices of pizza
 k - 7 bread rations
 o - 2 royal jellies
 v - 3 beef jerkies


   Skills:
 - Level 10.1 Fighting
 - Level 14.0 Long Blades
 - Level 2.0 Throwing
 + Level 9.1 Armour
 + Level 9.1 Dodging


You had 10 spell levels left.
You didn't know any spells.

Dungeon Overview and Level Annotations

Branches:
Dungeon (10/15)            Temple (1/1) D:5            Lair (0/6) D:9
    Orc (0/2) D:9

Altars:
Ashenzari
Cheibriados
Dithmenos
Elyvilon
Fedhas
Gozag
Hepliaklqana
Kikubaaqudgha
Makhleb
Nemelex Xobeh
Okawaru
Qazlal
Ru
Sif Muna
Trog
Uskayaw
Vehumet
Xom
Yredelemnul
Zin
The Shining One

Shops:
D:5 *

Annotations:
D:9 exclusion: oklob plant


Innate Abilities, Weirdness & Mutations

You reflexively headbutt those who attack you in melee.
You have a pair of horns on your head.
Your life essence is reduced. (-10% HP)


Message History

Tiberia barely misses the deep troll earth mage.
The deep troll earth mage casts a spell at Tiberia.
The door shatters!
The blast of rock fragments hits Tiberia.
Tiberia is destroyed!
You hear a grinding noise.
You hear a grinding noise.
The deep troll earth mage points at you and mumbles some strange words.
The wall shatters!
The blast of rock fragments hits you!
* * * LOW HITPOINT WARNING * * *
You feel better.
The deep troll earth mage points at you and mumbles some strange words.
The wall shatters!
The blast of rock fragments hits you!
* * * LOW HITPOINT WARNING * * *
You feel better.
The deep troll earth mage casts a spell at the rock wall.
You hear a grinding noise.
The deep troll earth mage gestures at you while chanting.
The wall shatters!
The blast of rock fragments hits you!
You die...

#.....))...#..(....## ####.......
#..###))##.#####@.## #.###+##
#..# #..##.# #.## #.#
#..###..##.# ..# #.# #..##...##.#
##'## #.# #..##.#.##.# ##...##
#.# #..........###.....## #.#
#.###...#####.......## ##.######
#.......####.........####........
####.......).........'...........
#.#........<......####...#.###
##...#####.......## ##.##.# #####
######.## ####.# ### ####.###.#
#.# #.## #.#.###..# #.# ##.#####
#..#(....# #.#
#.#.##.###.#()#.### ..#


You could see a deep troll earth mage.

Vanquished Creatures
  A hydra (D:8)
  The ghost of Orange the Carver, a novice FoFi of Xom (D:7)
  A skeletal warrior (D:10)
  An unseen horror (D:9)
  A freezing wraith (D:10)
  A two-headed ogre (D:8)
  Grinder (D:3)
  2 dream sheep (D:8)
  5 hippogriffs
  2 yaks (D:8)
  4 humans (D:9)
  Menkaure (D:4)
  A water moccasin (D:7)
  2 ice beasts (D:9)
  3 orc warriors
  An eye of draining (D:8)
  2 sky beasts
  3 phantoms
  4 ogres
  2 centaurs
  A crocodile (D:8)
  3 big kobolds (D:8)
  3 bullfrogs
  A wyvern zombie (D:8)
  4 scorpions
  6 killer bees (D:8)
  3 howler monkeys (D:7)
  12 wights
  3 crimson imps
  5 hounds
  A jelly (D:7)
  12 orc priests
  A bullfrog skeleton (D:7)
  A centaur skeleton (D:8)
  Natasha (thrice) (D:2)
  6 iguanas
  14 orc wizards
  5 worker ants
  3 worker ant zombies
  2 howler monkey skeletons
  12 adders
  3 gnolls (D:2)
  A shadow imp (D:5)
  An adder zombie (D:6)
  3 adder skeletons
  4 worms
  5 dart slugs
  9 leopard geckos
  32 orcs
  4 ball pythons
  9 bats
  7 giant cockroaches
  9 goblins
  4 hobgoblins
  8 jackals
  6 quokkas
  8 frilled lizards
  8 kobolds
  9 rats
  A bush (D:9)
  2 butterflies (D:7)
  2 fungi (D:9)
  2 plants (D:9)
277 creatures vanquished.

Vanquished Creatures (collateral kills)
  A human (D:9)
  A phantom (D:8)
  An ogre (D:9)
  A big kobold (D:8)
  An adder (D:7)
  An adder zombie (D:8)
  10 orcs
  2 kobolds (D:8)
  A plant (D:9)
19 creatures vanquished.

Vanquished Creatures (others)
  5 ancestors
5 creatures vanquished.

Grand Total: 301 creatures vanquished

Notes
Turn   | Place    | Note
-------+----------+-------------------------------------------
     0 | D:1      | ImaNewbie the Minotaur Gladiator began the quest for the Orb.
     0 | D:1      | Reached XP level 1. HP: 18/18 MP: 0/0
   152 | D:1      | Reached skill level 4 in Long Blades
   191 | D:1      | Reached XP level 2. HP: 20/25 MP: 1/1
   637 | D:2      | Reached skill level 5 in Long Blades
   745 | D:2      | Reached XP level 3. HP: 30/30 MP: 2/2
  1258 | D:2      | Reached XP level 4. HP: 37/37 MP: 3/3
  1266 | D:2      | Reached skill level 6 in Long Blades
  1495 | D:2      | Noticed Natasha
  1500 | D:2      | Killed Natasha
  1892 | D:3      | Reached skill level 7 in Long Blades
  1892 | D:3      | Reached XP level 5. HP: 31/42 MP: 4/4
  2059 | D:3      | Noticed a phantom
  2103 | D:3      | Killed a phantom
  2103 | D:3      | Reached skill level 8 in Long Blades
  2352 | D:3      | Noticed Grinder
  2365 | D:3      | Killed Grinder
  2365 | D:3      | Reached skill level 9 in Long Blades
  2365 | D:3      | Reached XP level 6. HP: 33/50 MP: 5/5
  2586 | D:2      | Noticed Natasha
  2591 | D:2      | Killed Natasha
  2607 | D:2      | Noticed Natasha
  2627 | D:2      | Killed Natasha
  2627 | D:2      | Reached XP level 7. HP: 34/56 MP: 6/6
  2978 | D:4      | Reached skill level 10 in Long Blades
  3033 | D:4      | Found a radiant altar of Vehumet.
  3314 | D:4      | Noticed Menkaure
  3732 | D:4      | Killed Menkaure
  3804 | D:4      | Reached skill level 11 in Long Blades
  3957 | D:4      | Reached XP level 8. HP: 62/62 MP: 7/7
  4465 | D:5      | Entered Level 5 of the Dungeon
  4483 | D:5      | Found Aruser's General Store.
  4745 | D:5      | Reached skill level 12 in Long Blades
  4876 | D:5      | Found a staircase to the Ecumenical Temple.
  4890 | Temple   | Entered the Ecumenical Temple
  5037 | Temple   | Became a worshipper of Hepliaklqana the Forgotten
  5362 | D:6      | Found a shadowy altar of Dithmenos.
  5575 | D:5      | Reached skill level 13 in Long Blades
  5981 | D:6      | Reached XP level 9. HP: 40/61 MP: 8/8
  6031 | D:6      | Reached skill level 14 in Long Blades
  6147 | D:7      | Found a shimmering altar of Xom.
  6301 | D:7      | Noticed Orange's ghost (novice FoFi)
  6549 | D:7      | Reached skill level 5 in Fighting
  6683 | D:7      | Killed Orange's ghost
  6879 | D:7      | Reached * piety under Hepliaklqana
  7268 | D:8      | Reached XP level 10. HP: 39/83 MP: 9/9
  7271 | D:8      | Reached skill level 10 in Fighting
  7278 | D:8      | Reached skill level 1 in Armour
  7531 | D:8      | Noticed a three-headed hydra
  7561 | D:8      | Killed a one-headed hydra
  7706 | D:8      | Reached skill level 5 in Dodging
  7896 | D:8      | Found a sacrificial altar of Ru.
  7896 | D:8      | Found a glowing silver altar of Zin.
  7905 | D:8      | Found a shadowy altar of Dithmenos.
  7921 | D:8      | Found a stormy altar of Qazlal.
  8067 | D:8      | Found a white marble altar of Elyvilon.
  8151 | D:8      | Reached skill level 5 in Armour
  8644 | D:9      | Found a staircase to the Lair.
  8898 | D:9      | Found a staircase to the Orcish Mines.
  9021 | D:9      | Killed an unseen horror
  9021 | D:9      | Reached XP level 11. HP: 22/89 MP: 10/10
  9638 | D:9      | Found a blossoming altar of Fedhas.
  9649 | D:9      | Noticed an oklob plant
  9844 | D:10     | Entered Level 10 of the Dungeon
 10514 | D:10     | Noticed a skeletal warrior
 10537 | D:10     | Killed a skeletal warrior
 10800 | D:10     | Noticed a deep troll earth mage
 10818 | D:10     | HP: 1/89 [deep troll earth mage/blast of rock fragments (28)]
 10827 | D:10     | Killed from afar by a deep troll earth mage

Skill      XL: |  1  2  3  4  5  6  7  8  9 10 11 |
---------------+----------------------------------+-----
Long Blades    | 4 5 7 9 11 13 14 | 14.0
Fighting       | 9 10 | 10.1
Armour         | 7 9 |  9.1
Dodging        | 7 9 |  9.1
Throwing       | |  2.0

Action                   |  1- 3 |  4- 6 |  7- 9 | 10-12 || total
-------------------------+-------+-------+-------+-------++-------
Melee: Long sword        |    56 |   128 |   321 |    43 ||   548
       Headbutt          |     8 |    19 |    61 |    74 ||   162
       Scimitar          |       |       |       |   253 ||   253
       Hand axe          |       |       |       |     4 ||     4
Invok: Ancestor Identity |       |       |     1 |       ||     1
       Recall Ancestor   |       |       |       |     1 ||     1
  Use: Scroll            |       |       |    10 |    10 ||    20
       Potion            |       |       |       |     2 ||     2
 Stab: Distracted        |       |       |     3 |     2 ||     5
  Eat: Chunk             |     1 |     5 |    14 |    12 ||    32
Armor: Leather armour    |    11 |    14 |       |       ||    25
       Scale mail        |       |    14 |    97 |    80 ||   191
Dodge: Dodged            |    45 |    73 |   133 |   135 ||   386
       Rpst.: Long sword |    11 |    21 |    31 |     2 ||    65
       Scimitar          |       |       |       |    33 ||    33
